 Seeded DCSS version 0.27.1 (webtiles) character file.

Game seed: 7 (custom seed)

4 a11behringer the Sneak (level 1, 0/18 HPs)
             Began as a Demigod Delver on Aug 26, 2021.
             Slain by a hornet zombie (5 damage)
             ... on level 3 of the Dungeon.
             The game lasted 00:02:28 (412 turns).

a11behringer the Sneak (Demigod Delver)              Turns: 412, Time: 00:02:28

Health: 0/18       AC:  5    Str: 13    XL:     1   Next: 40%
Magic:  3/3        EV: 11    Int: 12    God:
Gold:   37         SH:  0    Dex: 15    Spells: 0/0 levels left

rFire    . . .     SeeInvis .   a - +0 falchion
rCold    . . .     Faith    .   (no shield)
rNeg     . . .     Spirit   .   b - +0 leather armour
rPois    .         Reflect  .   (no helmet)
rElec    .         Harm     .   (no cloak)
rCorr    .         Rampage  .   k - +1 pair of gloves
Will     .....                  (no boots)
Stlth    +++.......             (no amulet)
HPRegen  0.06/turn              (no ring)
MPRegen  0.08/turn              (no ring)

@: no status effects
A: high mp 1, forlorn
a: no special abilities


You were on level 3 of the Dungeon.
You visited 1 branch of the dungeon, and saw 3 of its levels.

You collected 37 gold pieces.

Inventory:

Hand Weapons
 a - a +0 falchion (weapon)
Armour
 b - a +0 leather armour (worn)
 k - a +1 pair of gloves (worn)
Wands
 g - a wand of digging (3)
 j - a wand of flame (20)
Scrolls
 c - a scroll of fog
 d - a scroll of magic mapping
 i - a scroll of amnesia {unknown}
Potions
 f - a potion of haste
 h - a potion of curing {unknown}


   Skills:
 + Level 2.8 Fighting
 + Level 1.7 Long Blades
 + Level 0.3 Armour
 + Level 1.7 Dodging
 + Level 4.6 Stealth


You couldn't memorise any spells.
You didn't know any spells.
Your spell library was empty.

Dungeon Overview and Level Annotations

Branches:
Dungeon (5/15)
 Temple: D:4-7


Innate Abilities, Weirdness & Mutations

Your attributes grow dramatically as you level up.
You have an increased reservoir of magic. (+10% MP)
You shall have no god before yourself.


Message History

The kobold hits you but does no damage.
You hit the kobold.
You kill the kobold!
Things that are here:
a +0 dagger; a kobold corpse
j - a wand of flame (20)
You see here a hobgoblin corpse.
You see here a +1 pair of gloves.
k - a +1 pair of gloves You start putting on your armour.
You continue putting on your +1 pair of gloves. x4
You finish putting on your +1 pair of gloves.
HP restored.
Found a hand axe.
Found a stone staircase leading down.
Found 8 gold pieces.
Found an escape hatch in the floor.
You now have 37 gold pieces (gained 8).
A hornet zombie comes into view.
An adder comes into view.
The hornet zombie hits you.
As you read the scroll of fear, it crumbles to dust.
You assume a fearsome visage.
The plant is unaffected.
The fungus is unaffected.
The hornet zombie is unaffected.
The adder looks frightened!
The adder hisses angrily.
The hornet zombie hits you.
Found 26 stones.
An adder comes into view.
The hornet zombie closely misses you.
You riposte.
You hit the hornet zombie but do no damage.
The hornet zombie barely misses you.
You riposte.
You hit the hornet zombie but do no damage.
The hornet zombie closely misses you.
You riposte.
You hit the hornet zombie but do no damage.
The hornet zombie hits you. The hornet zombie hits you.
* * * LOW HITPOINT WARNING * * *
The hornet zombie hits you.
You die...

.#.#.#.#.#...........#
P..P.................#
.#.#P#.#.#...#####...#
.P. ...#..'#####...#
.#.#.#.#.#.........###
.P..P..............# #
.#.#^#.#.#.........##...
... .#...#[........K....
###########..#.Z@.......
.............+..........
..#....#.#...#..........
..#...##.#.#.#..........
..#...##.#.#.#..........
.........#'#.#..........
.......##....##.#####...
.......##....##.##......
......S##....##.........


You could see a hornet zombie and a kobold (asleep).

Vanquished Creatures
  An endoplasm (D:3)
  A hobgoblin (D:3)
  A kobold (D:3)
3 creatures vanquished.

Vanquished Creatures (others)
  3 fungi (D:3)
  A plant (D:3)
4 creatures vanquished.

Grand Total: 7 creatures vanquished

Notes
Turn   | Place    | Note
-------+----------+-------------------------------------------
     0 | D:5      | a11behringer the Demigod Delver began the quest for the
                  | Orb.
     0 | D:5      | Reached XP level 1. HP: 18/18 MP: 3/3
   380 | D:3      | Noticed a hornet zombie
   412 | D:3      | Slain by a hornet zombie

Illustrated notes

Levels and vault maps discovered:
D:3:      kennysheep_the_goblin_king, layout_basic,
          shapermc_ecumenical_altar_mp_urbaneastern, uniq_ijyb, uniq_robin
D:4:      layout_cave_pods, enter_ossuary_1, hex_tiny, minmay_misc_feat_square,
          uniq_blork_the_orc
D:5:      layout_loops_ring, minmay_temple_entry_ruins

Action                   || total
-------------------------++-------
Melee: Falchion          ||    10
  Use: Scroll            ||     1
Armor: Leather armour    ||     8
Dodge: Dodged            ||    14
       Rpst.: Falchion   ||     9
